 Dungeon Crawl Stone Soup version 0.24.0-125-gc4c63601f3 (webtiles) character file.

Game seed: 15047503420584921486, levelgen mode: deterministic

1830 Peloso the Protected (level 8, -1/70 HPs)
             Began as a Minotaur Fighter on Mar 21, 2020.
             Was a Follower of Okawaru.
             Slain by an orc warrior
             ... wielding a cursed -1 scimitar
              (9 damage)
             ... on level 7 of the Dungeon.
             The game lasted 00:11:16 (6982 turns).

Peloso the Protected (Minotaur Fighter)             Turns: 6982, Time: 00:11:17

Health: -1/70      AC: 13    Str: 21    XL:     8   Next: 86%
Magic:  7/7        EV:  7    Int:  5    God:    Okawaru [*.....]
Gold:   256        SH: 11    Dex: 12    Spells: 7/7 levels left

rFire    . . .     SeeInvis .   a - +0 long sword
rCold    + . .     Gourm    .   c - +0 shield
rNeg     . . .     Faith    .   t - +2 chain mail {rF+}
rPois    .         Spirit   .   (helmet restricted)
rElec    .         Reflect  .   (no cloak)
rCorr    .         Harm     .   (no gloves)
MR       .....                  (no boots)
Stlth    ..........             (no amulet)
HPRegen  0.21/turn              k - ring of stealth
MPRegen  0.10/turn              p - ring of ice

@: no status effects
A: retaliatory headbutt, horns 2
a: Heroism, Renounce Religion


You were on level 7 of the Dungeon.
You worshipped Okawaru.
Okawaru was aware of your devotion.
You were not hungry.

You visited 1 branch of the dungeon, and saw 7 of its levels.

You collected 256 gold pieces.

Inventory:

Hand Weapons
 a - a +0 long sword (weapon)
Missiles
 r - 46 bolts
Armour
 b - a +0 scale mail
 c - a +0 shield (worn)
 t - a +2 chain mail of fire resistance (worn)
Jewellery
 k - a ring of stealth (left hand)
 p - a ring of ice (right hand)
 D - an uncursed ring of resist corrosion {unknown}
Wands
 j - a wand of flame (16)
 C - a wand of disintegration (17)
Scrolls
 e - 2 scrolls of remove curse {unknown}
 h - 8 scrolls of identify {unknown}
 l - 6 scrolls of teleportation {unknown}
 m - 3 scrolls of enchant armour {unknown}
 o - a scroll of magic mapping {unknown}
 s - a scroll of immolation {unknown}
 u - a scroll of random uselessness {unknown}
 w - 2 scrolls of blinking {unknown}
 x - 2 scrolls of amnesia {unknown}
 y - a scroll of noise {unknown}
 z - 3 scrolls of fear {unknown}
 B - a scroll of enchant weapon {unknown}
Potions
 d - 3 potions of might
 g - a potion of agility {unknown}
 i - a potion of heal wounds {unknown}
 n - a potion of magic {unknown}
 q - 2 potions of lignification {unknown}
 v - 2 potions of flight {unknown}
 A - a potion of ambrosia {unknown}
 E - a potion of brilliance {unknown}
Comestibles
 f - 15 rations
 F - 2 chunks of flesh


   Skills:
 + Level 6.2 Fighting
 + Level 7.4 Long Blades
 + Level 8.3 Armour
 + Level 2.0 Dodging
 + Level 0.1 Stealth
 + Level 7.9 Shields


You had 7 spell levels left.
You didn't know any spells.
Your spell library was empty.

Dungeon Overview and Level Annotations

Branches:
Dungeon (7/15)             Temple (0/1) D:6

Altars:
Ashenzari
Gozag
Kikubaaqudgha
Nemelex Xobeh
Okawaru
Qazlal
Vehumet
Yredelemnul
Zin

Shops:
D:5 (   D:7 }


Innate Abilities, Weirdness & Mutations

You reflexively headbutt those who attack you in melee.
You have a pair of horns on your head.


Message History

The orc warrior is severely wounded.
The orc warrior hits you with a cursed -1 scimitar!
You barely miss the orc warrior.
The orc warrior is severely wounded.
The orc warrior hits you with a cursed -1 scimitar!
You closely miss the orc warrior. You headbutt the orc warrior.
The orc warrior is severely wounded.
The orc warrior hits you but does no damage.
You hit the orc warrior but do no damage.
The orc warrior is severely wounded.
The orc warrior hits you with a cursed -1 scimitar!
* * * LOW HITPOINT WARNING * * *
You completely miss the orc warrior.
The orc warrior is severely wounded.
The orc warrior hits you with a cursed -1 scimitar!
* * * LOW HITPOINT WARNING * * *
Your chain mail prevents you from hitting the orc warrior.
The orc warrior is severely wounded.
The orc warrior hits you with a cursed -1 scimitar!
You die...

...'....#...#####+#.....
...##..##'###...........
....#..#................
....#..#................
....#..#................
....#).#.....###'#####+
....#..#.....+......#
....#..#.....#......#
....# #.....##o@####
####. ........#..#
....... #... #....
#..... #...... ######..
###


You could see an orc warrior.

Vanquished Creatures
  Edmund (D:4)
  Menkaure (D:5)
  An orc warrior (D:7)
  3 ogres (D:4)
  3 centaurs
  A bullfrog (D:6)
  2 scorpions (D:7)
  3 howler monkeys
  A centaur zombie (D:7)
  A bullfrog zombie (D:5)
  A jelly (D:5)
  4 orc priests
  4 orc wizards
  An iguana (D:5)
  4 worker ants
  3 gnolls (D:5)
  8 adders
  4 oozes
  2 adder skeletons
  An adder zombie (D:7)
  5 worms
  5 leopard geckos
  21 orcs
  A ball python (D:6)
  5 bats
  4 giant cockroaches
  6 goblins
  6 hobgoblins
  13 jackals
  6 kobolds
  5 quokkas
  4 frilled lizards
  8 rats
138 creatures vanquished.

Notes
Turn   | Place    | Note
-------+----------+-------------------------------------------
     0 | D:1      | Peloso the Minotaur Fighter began the quest for the Orb.
     0 | D:1      | Reached XP level 1. HP: 19/19 MP: 0/0
   165 | D:1      | Reached XP level 2. HP: 27/27 MP: 1/1
   200 | D:1      | Reached skill level 4 in Armour
   397 | D:1      | Reached XP level 3. HP: 33/33 MP: 2/2
  1036 | D:2      | Reached XP level 4. HP: 29/40 MP: 3/3
  2010 | D:3      | HP: 2/40 [orc priest (1)]
  2017 | D:3      | Reached skill level 5 in Armour
  2017 | D:3      | Reached XP level 5. HP: 6/47 MP: 4/4
  2576 | D:3      | Found a glowing silver altar of Zin.
  2576 | D:3      | Found a basalt altar of Yredelemnul.
  2766 | D:3      | Reached skill level 5 in Shields
  3060 | D:4      | Found a sparkling altar of Nemelex Xobeh.
  3060 | D:4      | Noticed Edmund
  3061 | D:4      | Noticed an ogre
  3069 | D:4      | Killed an ogre
  3069 | D:4      | Reached XP level 6. HP: 45/53 MP: 5/5
  3085 | D:4      | Killed Edmund
  3085 | D:4      | Reached skill level 1 in Dodging
  3087 | D:4      | Reached skill level 6 in Armour
  3221 | D:4      | Found an ancient bone altar of Kikubaaqudgha.
  3366 | D:4      | Found a shattered altar of Ashenzari.
  3424 | D:4      | Found an iron altar of Okawaru.
  3434 | D:4      | Became a worshipper of Warmaster Okawaru
  3639 | D:5      | Entered Level 5 of the Dungeon
  3773 | D:4      | Reached skill level 5 in Long Blades
  3773 | D:4      | Reached XP level 7. HP: 43/60 MP: 6/6
  4029 | D:5      | Found an opulent altar of Gozag.
  4386 | D:5      | Reached skill level 5 in Fighting
  4801 | D:4      | Reached * piety under Okawaru
  4801 | D:4      | Reached skill level 7 in Armour
  4992 | D:4      | Reached XP level 8. HP: 15/68 MP: 7/7
  5371 | D:5      | Found a radiant altar of Vehumet.
  5523 | D:5      | Noticed Menkaure
  5542 | D:5      | Killed Menkaure
  5544 | D:5      | You fall into a shaft and drop 1 floor!
  5814 | D:6      | Found a staircase to the Ecumenical Temple.
  5938 | D:5      | Found Vixzedoe's Weapon Boutique.
  5958 | D:5      | Found a stormy altar of Qazlal.
  6230 | D:6      | Noticed a two-headed ogre
  6707 | D:7      | Found Onopurito's Gadget Shop.
  6811 | D:7      | Reached skill level 8 in Armour
  6982 | D:7      | Slain by an orc warrior

Levels and vault maps discovered:
D:1:      wander_arrival_abandoned_jail, layout_loops_ring,
          kennysheep_small_spiral
D:2:      layout_basic
D:3:      layout_basic, gammafunk_temple_overflow_elements
D:4:      layout_cave_pools, kennysheep_okawaru_gauntlet,
          cheibrodos_ashenzari_chains, marbit_many_paths,
          nemelex_xobeh_ov_fountains_minmay, uniq_edmund
D:5:      layout_rooms, vehumet_altar_wand_db, lemuel_crystal_altar,
          serial_shops, shop_fountains, first_ration,
          corexii_item_surrounded_by_moat, nicolae_qazlal_general_emergency,
          uniq_menkaure
D:6:      layout_basic, minmay_temple_entry_poolview
D:7:      layout_gridville, serial_shops, shop, uniq_duvessa

Skill      XL: |  1  2  3  4  5  6  7  8 |
---------------+-------------------------+-----
Shields        | 4 5 6 7 |  7.9
Fighting       | 4 5 6 |  6.2
Armour         | 4 5 6 7 8 |  8.3
Long Blades    | 3 4 5 7 |  7.4
Dodging        | 1 2 |  2.0
Stealth        | |  0.1

Action                   |  1- 3 |  4- 6 |  7- 9 || total
-------------------------+-------+-------+-------++-------
Melee: Long sword        |    67 |   136 |   223 ||   426
       Headbutt          |    13 |    31 |    53 ||    97
Invok: Heroism           |       |       |     1 ||     1
  Use: Potion            |       |     2 |     2 ||     4
  Eat: Chunk             |       |     5 |    11 ||    16
       Ration            |       |     1 |       ||     1
Armor: Scale mail        |    26 |       |       ||    26
       Chain mail        |     2 |    77 |   114 ||   193
Dodge: Dodged            |    22 |    37 |    57 ||   116
Block: Shield            |    42 |    74 |   155 ||   271
       Rpst.: Long sword |     3 |    15 |    14 ||    32
